cohdb
Replays
Latest Replays
All Replays
Popular Replays
Top Player Replays
Match Explorer
How It Works
Community
CoH3 Stats
Reddit
Sign in to upload your games and track your stats! →
Sign in with Steam
Match 41124813
Unlisted
Match 41124813
Overview
Messages
Build Orders
End
250 Light Carrier
Selects Panzerjäger Kommand Battlegroup
Selects Mine Fields
Panzergrenadier Squad
Panzerpioneer Squad
Construct Light Support Kompanie
MG34 Team
MG34 Team
Selects GrB 39 Grenade Launcher Requisition
MG34 Team
Fire Support Elements
Pak 38 Anti-tank Gun Team
Construct Panzerarmee Kommand
Selects Defensive Positions
Armored Reserves
MG34 Team
Selects Butterfly Bomb Drop
Pak 38 Anti-tank Gun Team
MG34 Team
Forward Retreat Point
2.5-tonne Medical Truck
Butterfly Bomb Drop
Vehicle Survival Package
Selects Crew Shock Tactics
Tiger Heavy Tank
Butterfly Bomb Drop
Advanced Optics
Tungsten Core Ammunition
Butterfly Bomb Drop
Emergency Repair Kits
Selects Anti-tank Overwatch
Rapid Advance
Construct Mechanized Kompanie
Anti-tank Overwatch
StuG Assault Group
Jonas Van Halen
River Otter
Valkeon
Phantom
Dabdaddy
SCRRA
waltersanteliz2594
Jd577
0
0
Comments
sign in to comment!
No comments posted yet!